 Dungeon Crawl Stone Soup version 0.27-a0-1519-gc8121b24ce (webtiles) character file.

Game seed: 6272968842157620349

65 Conn the Firebug (level 4, -4/27 HPs)
             Began as an Octopode Fire Elementalist on July 10, 2021.
             Splashed by a jelly's acid (8 damage)
             ... on level 3 of the Dungeon.
             The game lasted 00:03:08 (1781 turns).

Conn the Firebug (Octopode Fire Elementalist)       Turns: 1781, Time: 00:03:08

Health: -4/27      AC: -3    Str:  7    XL:     4   Next: 13%
Magic:  7/7        EV: 13    Int: 18    God:
Gold:   63         SH:  0    Dex: 12    Spells: 3/7 levels left

rFire    . . .     SeeInvis .   a - +0 dagger
rCold    . . .     Faith    .   (no shield)
rNeg     . . .     Spirit   .   (helmet restricted)
rPois    .         Reflect  .   (no amulet)
rElec    .         Harm     .   (no ring)
rCorr    .         Rampage  .   (no ring)
Will     .....                  (no ring)
Stlth    +++.......             (no ring)
HPRegen  0.09/turn              (no ring)
MPRegen  0.10/turn              (no ring)
                                (no ring)
                                (no ring)

@: corroded, very slightly contaminated, invisible
A: almost no armour, amphibious, 8 rings, camouflage 1, gelatinous body 1,
(nimble swimmer 1), tentacles
a: no special abilities


You were on level 3 of the Dungeon.
You visited 1 branch of the dungeon, and saw 4 of its levels.

You collected 63 gold pieces.

Inventory:

Hand Weapons
 a - a +0 dagger (weapon)
Scrolls
 d - a scroll of blinking {unknown}
 e - a scroll of teleportation {unknown}
 f - a scroll of brand weapon {unknown}
Potions
 b - a potion of cancellation


   Skills:
 + Level 2.3 Dodging
 + Level 2.9 Stealth
 + Level 2.4 Spellcasting
 * Level 1.9 Conjurations
 * Level 3.9 Fire Magic


You had 3 spell levels left.
You knew the following spells:

 Your Spells              Type           Power      Damage    Failure   Level
a - Foxfire               Conj/Fire      48%        2x1d6     5%          1
b - Conjure Flame         Conj/Fire      12%        6-21      16%         3

Your spell library contained the following spells:

 Spells                   Type           Power      Damage    Failure   Level
 Inner Flame              Hex/Fire       9%         N/A       22%         3
 Sticky Flame             Conj/Fire      12%        2d4       45%         4
 Fireball                 Conj/Fire      6%         3d5       82%         5


Dungeon Overview and Level Annotations

Branches:
Dungeon (4/15)
 Temple: D:4-7

Altars:
Hepliaklqana


Innate Abilities, Weirdness & Mutations

You cannot wear most types of armour.
You are amphibious.
You can wear up to eight rings at the same time.
Your skin changes colour to match your surroundings (Stealth+).
Your rubbery body absorbs attacks. (AC +1, EV +1)
((You are camouflaged near water. (Stealth+)))
You have tentacles for arms and can constrict up to eight enemies at once.


Message History

The foxfire hits the ogre.
The ogre is severely wounded.
The ogre hits you with a +0 giant spiked club!
You see here a jackal corpse.
Found a ruby potion.
A jelly comes into view.
You see here a ruby potion.
The jelly quivers.
An orc comes into view. It is wielding a +0 mace.
The jelly hits you.
You are splashed with acid!
The jelly jiggles.
Found a stone staircase leading up.
There is a stone staircase leading up here.
The jelly hits you. The acid corrodes you!
You are splashed with acid!
* * * LOW HITPOINT WARNING * * *
You climb upwards.
A giant cockroach comes into view.
There is a stone staircase leading down here.
It was a potion of invisibility.
You fade into invisibility!
The jelly closely misses you.
You are very lightly contaminated with residual magic.
A bat comes into view.
The jelly misses you.
Found a scroll labelled QIUTEOLULYH.
The bat hits you.
* * * LOW HITPOINT WARNING * * *
The bat hits you.
* * * LOW HITPOINT WARNING * * *
The bat hits you.
* * * LOW HITPOINT WARNING * * *
The bat hits you.
* * * LOW HITPOINT WARNING * * *
The bat closely misses you. The bat barely misses you.
The bat closely misses you.
You open the door. The jelly hits you.
* * * LOW HITPOINT WARNING * * *
You are splashed with acid!
You die...

#........#
#........#
#........#
#........#
#........#
#...######
#.b## ##J#
#@#
#.'...§..
###≈≈§≈§≈
≈§§≈≈≈
≈≈§≈§
#####


You could see a jelly and a bat.

Vanquished Creatures
  2 adders (D:2)
  A dart slug (D:4)
  6 endoplasms
  A giant cockroach (D:1)
  A goblin (D:2)
  2 hobgoblins (D:1)
  12 jackals
  2 kobolds
  5 ball pythons
  3 bats (D:1)
  3 rats
38 creatures vanquished.

Vanquished Creatures (others)
  100 foxfires
100 creatures vanquished.

Grand Total: 138 creatures vanquished

Notes
Turn   | Place    | Note
-------+----------+-------------------------------------------
     0 | D:1      | Conn the Octopode Fire Elementalist began the quest for the
                  | Orb.
     0 | D:1      | Reached XP level 1. HP: 11/11 MP: 3/3
   136 | D:1      | Reached XP level 2. HP: 17/17 MP: 1/5
   460 | D:1      | Found a faded altar of an unknown god.
   664 | D:1      | Reached XP level 3. HP: 21/21 MP: 6/6
   673 | D:1      | Learned a level 3 spell: Conjure Flame
  1509 | D:2      | You fall into a shaft and drop 2 floors!
  1515 | D:4      | Reached XP level 4. HP: 27/27 MP: 7/7
  1681 | D:4      | Noticed an ogre
  1781 | D:3      | Found a hazy altar of Hepliaklqana.
  1781 | D:3      | Splashed by a jelly's acid

Illustrated notes

Levels and vault maps discovered:
D:1:      lemuel_arrival_rhombus, layout_loops_ring,
          ebering_ecumenical_altar_abandoned, minmay_misc_feat_tower,
          minivault_26
D:2:      minmay_razor_zed, layout_basic, uniq_sigmund
D:3:      layout_basic, mainiacjoe_overflow_six_doors_small,
          kennysheep_flooded_box
D:4:      layout_loops_ring, doesnt_xom_only_xom, minmay_lizard_king

Action                   |  1- 3 |  4- 6 || total
-------------------------+-------+-------++-------
Melee: Dagger            |    32 |       ||    32
       Constrict         |     8 |       ||     8
       Tentacles         |     5 |       ||     5
 Cast: Foxfire           |    45 |    13 ||    58
       Conjure Flame     |       |     1 ||     1
  Use: Potion            |     3 |     1 ||     4
Armor: Skin              |     4 |       ||     4
Dodge: Dodged            |    46 |     5 ||    51

Table legend: (Time is in decaauts)
 A = Elapsed time spent in this place.
 B = Non-inter-level travel time spent in this place.
 C = Inter-level travel time spent in this place.
 D = Time resting spent in this place.
 E = Time spent auto-exploring this place.
 F = Levels seen in this place.
 G = Mean time per level.
                   A        B        C        D        E       F      G
               +--------+--------+--------+--------+--------+-----+--------+
         Total |   1779 |   1761 |     18 |      0 |   1391 |   4 |  444.8 |
       Dungeon |   1779 |   1761 |     18 |      0 |   1391 |   4 |  444.8 |
               +--------+--------+--------+--------+--------+-----+--------+

Top non-repeatable levels by time:
     D:1: 1248 daAuts
     D:2: 259 daAuts
     D:4: 255 daAuts
     D:3: 15 daAuts
